Map: Seeds of Aiur

Players

ILIEKEGGPIE

  • Race: Protoss Protoss
  • League: Platinum
  • Spawn Location: 1:00

Zingablerat

  • Race: Zerg Zerg
  • Spawn Location: 1:00

DarthZannah

  • Race: Terran Terran
  • League: Platinum
  • Spawn Location: 7:00

SykesMcEnzie

  • Race: Terran Terran
  • Spawn Location: 7:00

VOD

Have the link to the VOD?

Description

Time

  • Played on: April 11, 2018, 6:50 p.m.
  • Length: 14:50
Show
View Real Time Build Order
Export as new Build Order

ILIEKEGGPIE Protoss 

Build Orders:  

Get SALT Encoding   

  12  0:01  Probe  
  13  0:13  Probe  
  14  0:20  Pylon  
  14  0:25  Probe (Chrono Boost)  
  15  0:39  Probe (Chrono Boost)  
  16  0:47  Probe (Chrono Boost)  
  16  0:48  Gateway  
  17  0:54  Probe  
  18  1:01  Gateway  
  18  1:09  Probe (Chrono Boost)  
  18  1:10  Assimilator  
  19  1:24  Pylon  
  19  1:31  Probe  
  20  1:51  Cybernetics Core  
  20  2:01  Assimilator  
  19  2:09  Nexus  
  19  2:25  Probe (Chrono Boost)  
  20  2:32  Adept x2  
  20  2:33  Warp Gate  
  20  2:34  Probe (Chrono Boost)  
  25  2:55  Probe  
  26  3:03  Adept x2  
  30  3:07  Probe  
  31  3:22  Probe (Chrono Boost)  
  31  3:25  Probe (Chrono Boost)  
  31  3:26  Pylon  
  33  3:32  Probe (Chrono Boost)  
  33  3:34  Pylon  
  35  3:35  Probe (Chrono Boost)  
  35  3:47  Probe (Chrono Boost)  
  36  3:49  Adept x2  
  36  3:51  Probe (Chrono Boost)  
  41  4:00  Probe (Chrono Boost), Gateway  
  41  4:01  Probe (Chrono Boost)  
  43  4:04  Gateway  
  43  4:09  Probe  
  44  4:22  Probe (Chrono Boost)  
  46  4:27  Probe (Chrono Boost)  
  46  4:35  Probe (Chrono Boost)  
  46  4:37  Robotics Facility  
  43  5:15  Probe (Chrono Boost)  
  43  5:16  Forge, Gateway  
  43  5:17  Nexus  
  43  5:18  Probe (Chrono Boost)  
  43  5:20  Pylon  
  45  5:22  Assimilator  
  45  5:26  Assimilator, Probe (Chrono Boost)  
  47  5:30  Immortal (Chrono Boost), Probe (Chrono Boost)  
  47  5:31  Probe (Chrono Boost)  
  52  5:37  Pylon  
  52  5:39  Probe  
  52  5:40  Pylon  
  53  5:54  Gateway  
  53  5:57  Gateway  
  53  5:59  Forge  
  53  6:01  Protoss Ground Weapons Level 1 (Chrono Boost)  
  53  6:02  Forge  
  53  6:04  Pylon  
  53  6:07  Immortal  
  57  6:49  Stalker  
  57  6:50  Stalker x4  
  64  6:58  Observer (Chrono Boost)  
  58  7:30  Photon Cannon  
  58  7:34  Pylon  
  58  7:49  Protoss Ground Armor Level 1 (Chrono Boost)  
  58  7:51  Protoss Shields Level 1 (Chrono Boost)  
  58  7:54  Photon Cannon  
  58  8:07  Robotics Bay  
  58  8:26  Probe (Chrono Boost)  
  61  8:30  Probe x2 (Chrono Boost)  
  61  8:37  Probe (Chrono Boost)  
  61  8:41  Probe x2 (Chrono Boost)  
  64  8:45  Robotics Facility  
  64  8:50  Probe, Twilight Council, Stalker  
  64  8:51  Stalker x3  
  64  8:55  Photon Cannon  
  73  9:21  Assimilator  
  73  9:22  Probe (Chrono Boost)  
  73  9:23  Probe (Chrono Boost)  
  76  9:27  Assimilator  
  76  9:28  Probe (Chrono Boost)  
  78  9:32  Probe x2 (Chrono Boost)  
  78  9:36  Probe (Chrono Boost)  
  78  9:37  Probe (Chrono Boost)  
  80  9:52  Probe  
  81  9:56  Stalker x2  
  81  9:57  Stalker x2  
  81  9:58  Colossus x2 (Chrono Boost)  
  99  10:21  Probe x3  
  102  10:31  Gateway  
  102  10:34  Gateway  
  102  10:35  Gateway  
  102  10:36  Gateway  
  100  11:48  Stalker  
  100  11:49  Stalker x3  
  100  11:50  Sentry x3  
  101  12:45  Stalker x3  
  101  12:46  Stalker x4  
Show
View Real Time Build Order
Export as new Build Order

Zingablerat Zerg 

Build Orders: Pool First 

Get SALT Encoding   

  12  0:02  Drone  
  13  0:14  Overlord  
  13  0:18  Drone  
  14  0:26  Extractor  
  14  0:27  Drone  
  14  0:37  Drone  
  14  0:39  Drone  
  16  0:52  Drone  
  17  1:01  Spawning Pool, Drone  
  17  1:09  Drone  
  18  1:18  Evolution Chamber  
  17  1:20  Drone  
  18  1:30  Drone  
  19  1:46  Drone  
  20  1:49  Metabolic Boost  
  20  1:50  Queen  
  20  1:53  Overlord  
  22  2:14  Drone  
  23  2:21  Hatchery  
  22  2:23  Drone  
  23  2:34  Zerg Ground Armor Level 1  
  23  2:37  Zergling x4  
  23  2:43  Extractor  
  24  2:50  Zergling x2  
  25  3:00  Drone  
  25  3:01  Zergling x2  
  25  3:02  Zergling x2  
  28  3:08  Drone  
  29  3:13  Zergling x2  
  30  3:35  Hatchery  
  30  3:36  Zergling x4  
  31  3:45  Queen  
  31  3:46  Drone x2  
  31  3:48  Lair  
  35  3:59  Drone  
  35  4:00  Overlord  
  36  4:19  Zergling x2  
  36  4:20  Zergling x8  
  41  4:28  Zerg Melee Weapons Level 1  
  41  4:29  Zergling x6  
  44  4:37  Overlord  
  44  4:38  Overlord  
  44  5:13  Drone x3  
  47  5:20  Zergling x16  
  55  5:31  Zergling x2  
  55  5:32  Zergling x4  
  51  5:54  Queen  
  51  5:56  Zergling x4  
  55  6:01  Zergling x12  
  61  6:04  Zergling x4  
  61  6:05  Zergling x4  
  61  6:10  Overlord  
  65  6:24  Infestation Pit  
  64  6:47  Zergling x2  
  64  6:48  Zergling x4  
  67  6:58  Zerg Melee Weapons Level 2  
  67  7:16  Zergling x2  
  67  7:18  Zergling x2  
  67  7:19  Zergling x8  
  50  7:57  Zergling x22  
  50  7:58  Zergling x10  
  49  8:17  Queen  
  51  8:29  Drone x2  
  51  8:31  Drone x3  
  56  8:45  Hydralisk Den  
  55  8:49  Drone  
  55  8:50  Drone  
  55  8:53  Queen  
  59  8:56  Zergling x2  
  59  8:57  Zergling x4  
  59  8:59  Burrow  
  62  9:05  Drone x2  
  62  9:06  Drone  
  62  9:07  Drone x2  
  67  9:13  Zerg Ground Armor Level 2, Drone x3  
  70  9:17  Hydralisk  
  66  9:49  Drone x6  
  72  10:09  Spire  
  72  10:10  Queen  
  65  10:56  Drone x3  
  63  11:16  Hatchery  
  60  11:25  Corruptor x4  
  60  11:27  Overlord  
  60  11:28  Overlord  
  68  11:41  Overlord, Hatchery  
  67  11:58  Corruptor x3  
  73  12:01  Zerg Flyer Weapons Level 1  
  73  12:10  Corruptor  
  73  12:15  Corruptor  
  77  12:41  Corruptor x2  
  81  12:52  Corruptor  
  68  13:24  Corruptor x2  
  44  14:18  Corruptor x2  
  46  14:36  Drone x3  
Show
View Real Time Build Order
Export as new Build Order

DarthZannah Terran 

Build Orders:  

Get SALT Encoding   

  12  0:07  SCV  
  13  0:19  SCV  
  14  0:23  Supply Depot  
  14  0:31  SCV  
  15  0:36  Refinery  
  15  0:45  SCV  
  16  0:50  Barracks  
  16  0:57  SCV  
  17  1:09  SCV  
  18  1:21  SCV  
  19  1:37  Barracks Reactor  
  19  1:40  Orbital Command  
  19  1:58  Factory  
  19  2:07  SCV  
  20  2:16  Supply Depot  
  20  2:19  SCV  
  21  2:23  Marine x2  
  23  2:31  Refinery  
  23  2:38  SCV  
  23  2:41  Marine x2  
  26  2:50  Starport, SCV  
  27  2:59  Marine x2  
  27  3:02  SCV  
  27  3:03  Factory Tech Lab  
  30  3:14  SCV  
  30  3:17  Command Center  
  31  3:40  Supply Depot  
  31  3:54  Supply Depot  
  31  4:01  Siege Tank, SCV, Marine x2, Medivac  
  39  4:16  Supply Depot, SCV  
  40  4:17  Engineering Bay  
  40  4:19  Marine x2  
  42  4:28  SCV  
  43  4:31  Medivac  
  43  4:33  Cyclone  
  43  4:37  Marine x2  
  50  5:14  SCV  
  50  5:16  Orbital Command  
  50  5:26  Missile Turret, SCV  
  50  5:27  Refinery  
  51  5:30  Refinery  
  51  5:32  Missile Turret  
  51  5:33  Marine x2  
  51  5:34  Missile Turret  
  51  5:35  Medivac  
  55  5:38  SCV  
  55  5:40  Hellion  
  58  5:47  Missile Turret  
  58  5:49  SCV  
  59  5:50  SCV, Marine  
  59  5:51  Marine  
  62  5:58  Supply Depot  
  62  6:01  SCV  
  63  6:06  SCV  
  64  6:13  SCV  
  64  6:17  Siege Tank  
  68  6:18  SCV  
  68  6:22  Supply Depot  
  68  6:23  Terran Infantry Weapons Level 1  
  69  6:36  SCV x2, Command Center  
  71  6:44  Supply Depot  
  71  6:48  SCV  
  71  6:50  SCV  
  73  6:54  Marine  
  73  6:55  Marine  
  73  6:57  Medivac  
  73  7:00  SCV  
  78  7:02  Siege Tank, SCV  
  82  7:12  Marine x2  
  84  7:30  Marine x2  
  84  7:34  Siege Tank  
  82  8:09  SCV, Marine  
  82  8:10  Marine  
  82  8:11  Medivac  
  81  8:13  Siege Tank  
  81  8:16  SCV  
  85  8:21  SCV  
  86  8:27  Marine x2  
  86  8:29  SCV  
  86  8:33  SCV  
  90  8:41  SCV, Medivac  
  91  8:45  Siege Tank, Planetary Fortress, SCV, Marine  
  98  9:07  SCV x2  
  98  9:09  Missile Turret  
  100  9:10  Refinery, Missile Turret  
  100  9:12  Refinery, Supply Depot, Marine x2  
  100  9:13  Missile Turret  
  100  9:14  Medivac  
  104  9:19  Supply Depot, SCV x2  
  106  9:30  Marine x2  
  106  9:31  SCV  
  109  9:32  Supply Depot  
  109  9:33  Supply Depot  
  109  9:34  Supply Depot, SCV x2  
  109  9:37  Supply Depot  
  111  9:41  Command Center  
  111  9:43  SCV  
  112  9:46  SCV x2  
  112  9:52  Marine x2  
  116  9:54  Medivac  
  116  9:55  SCV  
  116  9:56  Siege Tank  
  116  9:58  SCV x2  
  124  10:00  Terran Infantry Armor Level 1  
  124  10:06  Armory  
  124  10:07  SCV  
  124  10:10  SCV x2, Marine x2  
  129  10:19  SCV  
  129  10:20  Barracks  
  130  10:22  SCV, Barracks  
  130  10:28  Marine x2  
  133  10:29  SCV  
  133  10:32  SCV  
  133  10:34  SCV  
  136  10:41  SCV  
  137  10:43  Missile Turret x2  
  137  10:44  Missile Turret  
  137  10:45  Refinery, Missile Turret, Marine  
  137  10:46  Marine  
  137  10:47  Missile Turret, SCV x2  
  141  10:52  Missile Turret  
  141  10:54  Refinery  
  141  10:57  Planetary Fortress  
  141  11:00  SCV x3  
  141  11:01  Engineering Bay  
  141  11:03  Marine x2  
  146  11:05  Missile Turret  
  146  11:10  Barracks, Barracks Reactor  
  146  11:12  Barracks Tech Lab, SCV x3  
  149  11:21  Marine x2  
  149  11:24  SCV  
  152  11:33  SCV  
  152  11:34  SCV x2  
  152  11:36  SCV, Marine  
  152  11:39  Marine x2  
  159  11:41  Medivac  
  159  11:45  SCV  
  159  11:46  SCV x2  
  164  11:54  Marine  
  164  11:57  Sensor Tower, Marine x2  
  167  12:11  Medivac  
  167  12:12  Marine  
  167  12:14  Marine  
  167  12:15  Marine  
  148  12:30  Marine  
  148  12:32  Marine x2  
  150  12:48  Combat Shield, Marine  
  151  13:05  Factory  
  151  13:06  Factory  
  150  13:20  Marine x4  
  150  13:21  Marine  
  150  13:22  Marauder  
  157  13:30  Thor  
  160  13:37  Marine  
  160  13:38  Marine x4  
  154  13:44  Marauder  
  144  13:55  Marine x2  
  144  13:56  Marine x3  
  149  14:05  Marauder  
  151  14:13  Marine x3  
  151  14:14  Marine x2  
  162  14:26  Marauder  
  164  14:32  Supply Depot  
  164  14:35  Supply Depot x2  
  164  14:37  Supply Depot x3  
  164  14:38  Supply Depot x3  
  164  14:39  Supply Depot x2  
Show
View Real Time Build Order
Export as new Build Order

SykesMcEnzie Terran 

Build Orders:  

Get SALT Encoding   

  12  0:02  SCV  
  14  0:21  SCV  
  14  0:27  Supply Depot  
  14  0:36  SCV  
  14  0:41  Refinery  
  15  1:02  Barracks  
  15  1:12  SCV  
  16  1:25  SCV  
  17  1:39  SCV  
  18  1:51  Orbital Command  
  18  1:59  Factory  
  18  2:13  Barracks  
  18  2:27  Command Center  
  18  2:29  Marine  
  19  2:36  SCV  
  20  2:43  Refinery  
  20  2:44  Factory Tech Lab  
  20  2:51  SCV  
  21  2:52  Starport  
  21  2:55  Marine  
  22  3:09  SCV  
  23  3:22  Supply Depot  
  23  3:39  SCV, Marine x2  
  26  3:44  Supply Depot  
  26  3:46  Orbital Command  
  26  3:51  Refinery, SCV  
  27  4:03  Banshee  
  27  4:04  Cloaking Field  
  30  4:15  Fusion Core  
  30  4:16  SCV  
  31  4:17  Refinery  
  31  4:22  SCV  
  32  4:34  SCV  
  32  4:37  SCV  
  34  4:46  SCV  
  34  4:49  SCV  
  34  4:50  Banshee  
  39  4:58  SCV  
  40  5:01  SCV  
  41  5:07  Starport  
  41  5:12  Weapon Refit  
  41  5:38  SCV  
  42  5:46  Command Center  
  42  5:50  SCV  
  42  5:51  Starport Tech Lab  
  42  5:53  Battlecruiser  
  49  6:02  SCV  
  50  6:14  SCV  
  50  6:17  SCV  
  52  6:29  SCV  
  53  6:33  Supply Depot  
  53  6:34  Supply Depot x2  
  53  6:36  Supply Depot  
  53  6:39  Supply Depot  
  53  6:42  SCV  
  54  6:55  SCV  
  55  7:01  Refinery  
  55  7:07  SCV  
  57  7:27  Refinery  
  56  7:33  Battlecruiser  
  56  7:34  Battlecruiser  
  56  7:36  Orbital Command  
  56  7:58  Command Center  
  56  8:36  SCV  
  57  8:44  Battlecruiser  
  57  8:46  Battlecruiser  
  69  8:49  SCV  
  70  9:00  Armory  
  70  9:01  SCV  
  70  9:02  Armory  
  71  9:07  Starport  
  71  9:13  SCV  
  72  9:50  Battlecruiser  
  78  9:55  Starport Tech Lab  
  78  9:57  Battlecruiser  
  84  10:05  Terran Ship Weapons Level 1  
  84  10:06  Terran Vehicle And Ship Armor Level 1  
  84  10:23  Battlecruiser  
  90  11:00  Battlecruiser  
  90  11:03  Battlecruiser  
  102  11:27  Battlecruiser  
  102  12:04  Battlecruiser  
  102  12:06  SCV  
  109  13:45  SCV  
  104  13:57  SCV  
  106  14:10  SCV  
  94  14:22  SCV  
  77  14:34  SCV  
  77  14:35  Barracks  
  77  14:36  Barracks  
  77  14:38  Barracks  
  78  14:39  Barracks  
Tags
 
Add a new tag
Caveats
  • Supply blocks, unpowered buildings, or Contaminate may cause inaccurate times.
  • Supply counts are checked every 10 seconds.